 Dungeon Crawl Stone Soup version 0.24-a0-246-gb963c9a (webtiles) character file.

Game seed: 9364436581270085114

104 MatthieuS the Skirmisher (level 4, -6/44 HPs)
             Began as a Hill Orc Wanderer on Apr 12, 2019.
             Killed from afar by a white imp (10 damage)
             ... with a puff of frost
             ... summoned by Natasha
             ... on level 2 of the Dungeon.
             The game lasted 00:02:38 (1104 turns).

MatthieuS the Skirmisher (Hill Orc Wanderer)        Turns: 1104, Time: 00:02:38

Health: -6/44      AC:  5    Str: 16    XL:     4   Next: 80%
Magic:  4/4        EV: 10    Int: 11    God:
Gold:   57         SH:  0    Dex: 10    Spells: 3/3 levels left

rFire    . . .     SeeInvis .   a - +2 hand axe
rCold    . . .     Gourm    .   (no shield)
rNeg     . . .     Faith    .   b - +0 ring mail
rPois    .         Spirit   .   (no helmet)
rElec    .         Reflect  .   (no cloak)
rCorr    .         Harm     .   (no gloves)
MR       .....                  (no boots)
Stlth    ..........             (no amulet)
HPRegen  0.14/turn              (no ring)
MPRegen  0.09/turn              (no ring)

@: no status effects
A: no striking features
a: no special abilities


You were on level 2 of the Dungeon.
You were not hungry.

You visited 1 branch of the dungeon, and saw 2 of its levels.

You collected 57 gold pieces.

Inventory:

Hand Weapons
 a - a +2 hand axe (weapon)
Armour
 b - a +0 ring mail (worn)
Scrolls
 h - a scroll of identify {unknown}
 i - a scroll of immolation {unknown}
 j - 2 scrolls of magic mapping {unknown}
 k - 4 scrolls of remove curse {unknown}
 m - a scroll of amnesia {unknown}
 n - a scroll of teleportation {unknown}
Potions
 c - a potion of flight {unknown}
 d - a potion of might {unknown}
 f - a potion of curing {unknown}
 l - a potion of brilliance {unknown}
Comestibles
 e - 5 rations


   Skills:
 + Level 5.7 Fighting
 * Level 5.4(5.5) Axes
   Level 1.1(3.0) Maces & Flails
 - Level 1.1 Armour
   Level 2.1 Shields


You had 3 spell levels left.
You didn't know any spells.
Your spell library was empty.

Dungeon Overview and Level Annotations

Branches:
Dungeon (2/15)

Altars:

Annotations:
D:2 Natasha


Message History

Natasha casts a spell.
The ooze hits you.
You hit the ooze but do no damage. You barely miss the iguana.
The iguana misses you. The ooze closely misses you.
You hit the iguana but do no damage. You slash the ooze! The iguana bites you!
The ooze jiggles.
The ooze hits you but does no damage.
You hit the iguana. You hit Natasha but do no damage. You barely miss the ooze.
You hit the white imp. Natasha claws you.
* * * LOW HITPOINT WARNING * * *
The iguana misses you. The ooze closely misses you.
The white imp barely misses you. Natasha claws you.
* * * LOW HITPOINT WARNING * * *
You hit the iguana. You barely miss Natasha. You barely miss the ooze.
You hit the white imp. The iguana bites you!
* * * LOW HITPOINT WARNING * * *
The ooze hits you but does no damage. The white imp closely misses you.
Natasha mumbles some strange words.
Okay, then.
You hit the iguana.
You kill the iguana!
You hit the white imp but do no damage. You completely miss the ooze.
You hit Natasha. The ooze closely misses you. The white imp gestures at you.
The puff of frost hits you.
* * * LOW HITPOINT WARNING * * *
Natasha claws you but does no damage.
You slash the ooze!
You kill the ooze!
You closely miss Natasha. You hit the rat.
You kill the rat!
You hit the white imp but do no damage. The white imp barely misses you.
Natasha claws you.
* * * LOW HITPOINT WARNING * * *
The hobgoblin closely misses you.
You closely miss the hobgoblin. You hit the white imp.
The hobgoblin closely misses you. The white imp hits you.
* * * LOW HITPOINT WARNING * * *
The white imp freezes you.
* * * LOW HITPOINT WARNING * * *
You hit the hobgoblin.
You kill the hobgoblin!
You hit the white imp.
Natasha casts a spell.
The white imp barely misses you.
You hit the white imp. The white imp completely misses you.
You barely miss the white imp. The white imp gestures at you.
The puff of frost hits you!
You die...

#........#
#........
######...#
#........ #######
#...# #.....!.[
.......
#...#####........
..!?...
#.#.......#.#####
.......
#..lg.sr....#
...$...
###.#########
.!...5.####.# ##
......55@)†.# #.
......h###### #.
###.### #. # ##


You could see an iron imp, Natasha, a white imp and a shadow imp.

Vanquished Creatures
  An iguana (D:2)
  A gnoll (D:1)
  2 adders (D:2)
  3 oozes
  A worm (D:2)
  3 leopard geckos
  3 bats (D:1)
  3 giant cockroaches
  4 goblins
  5 hobgoblins
  3 kobolds (D:1)
  4 frilled lizards
  A rat (D:2)
34 creatures vanquished.

Notes
Turn   | Place    | Note
-------+----------+-------------------------------------------
     0 | D:1      | MatthieuS the Hill Orc Wanderer began the quest for the
                  | Orb.
     0 | D:1      | MatthieuS set off with the following items: a +2 hand axe,
                  | a +0 ring mail, a +0 mace, a ration
     0 | D:1      | Reached XP level 1. HP: 22/22 MP: 1/1
    36 | D:1      | Reached skill level 5 in Fighting
    36 | D:1      | Reached XP level 2. HP: 24/29 MP: 2/2
   357 | D:1      | Reached XP level 3. HP: 23/36 MP: 3/3
   964 | D:2      | Reached XP level 4. HP: 40/42 MP: 4/4
   998 | D:2      | Reached skill level 5 in Axes
  1090 | D:2      | Noticed Natasha
  1104 | D:2      | Killed from afar by a white imp

Levels and vault maps discovered:
D:1:      denvon_arrival_planthouse, layout_loops_ring, st_stairs_13
D:2:      layout_basic, lemuel_round_altar, uniq_natasha

Skill      XL: |  1  2  3  4 |
---------------+-------------+-----
Axes           | 3 4 5 |  5.4
Fighting       | 5 |  5.7
Maces & Flails | |  1.1
Armour         | |  1.1
Shields        | |  2.1

Action                   |  1- 3 |  4- 6 || total
-------------------------+-------+-------++-------
Melee: Hand axe          |    68 |    18 ||    86
  Use: Potion            |       |     1 ||     1
  Eat: Chunk             |       |     1 ||     1
Armor: Ring mail         |    23 |     6 ||    29
Dodge: Dodged            |    28 |    17 ||    45

Table legend:
 A = Non-vault XP
 B = Vault XP
 C = Vault XP percentage of total XP
 D = Non-vault monster count
 E = Vault monster count
 F = Vault count percentage of total count
                 A         B        C        D         E       F
            +---------+---------+-------+---------+---------+-------
      Total |     148 |       1 |   0.7 |      33 |       1 |   2.9
            +---------+---------+-------+---------+---------+-------
        D:1 |      48 |       1 |   2.0 |      16 |       1 |   5.9
        D:2 |     100 |       0 |   0.0 |      17 |       0 |   0.0
            +---------+---------+-------+---------+---------+-------
